 Dungeon Crawl Stone Soup version 0.27.0-1-g7a089689b8 (webtiles) character file.

Game seed: 16165789844454021839

912 robertstho the Magician (level 8, -3/56 HPs)
             Began as a Djinni Fire Elementalist on Aug 11, 2021.
             Slain by a yak (8 damage)
             ... on level 4 of the Dungeon.
             The game lasted 00:08:52 (6132 turns).

robertstho the Magician (Djinni Fire Elementalist)  Turns: 6132, Time: 00:08:53

Health: -3/56      AC:  2    Str:  7    XL:     8   Next: 30%
Gold:   278        EV: 17    Int: 19    God:
                   SH:  0    Dex: 14

rFire    + + .     SeeInvis .   o - +0 long sword
rCold    x . .     Faith    .   (no shield)
rNeg     . . .     Spirit   .   a - +0 robe
rPois    ∞         Reflect  .   (helmet restricted)
rElec    .         Harm     .   (no cloak)
rCorr    .         Rampage  .   (no gloves)
Will     .....                  (boots unavailable)
Stlth    ++........             (no amulet)
HPRegen  0.18/turn              m - +4 ring of evasion
MPRegen  0.00/turn              (no ring)

@: flying
A: sickness immunity, fire resistance 2, cold vulnerability 1, float, innate
caster, hp casting, extra vitality 1, horns 1, mutation resistance 1
a: no special abilities


You were on level 4 of the Dungeon.
You visited 1 branch of the dungeon, and saw 5 of its levels.

You collected 278 gold pieces.

Inventory:

Hand Weapons
 o - a +0 long sword (weapon)
 r - a +2 dagger of holy wrath
Armour
 a - a +0 robe (worn)
 e - a +0 helmet
Jewellery
 m - a +4 ring of evasion (left hand)
Scrolls
 c - a scroll of enchant armour {unknown}
 g - 2 scrolls of teleportation
 l - 3 scrolls of fear {unknown}
 q - 2 scrolls of enchant weapon {unknown}
 s - a scroll of immolation {unknown}
 t - a scroll of vulnerability
Potions
 b - 2 potions of flight
 h - a potion of invisibility {unknown}
 j - a potion of lignification {unknown}
 k - a potion of ambrosia
 n - a potion of cancellation


   Skills:
 * Level 3.1 Fighting
 + Level 1.3 Long Blades
 + Level 3.0 Dodging
 + Level 2.5 Stealth
 * Level 6.2 Spellcasting


You couldn't memorise any spells.
You knew the following spells:

 Your Spells              Type           Power      Damage    Failure   Level
a - Foxfire               Conj/Fire      100%       2x1d9     1%          1
b - Conjure Flame         Conj/Fire      29%        6-21      2%          3
c - Inner Flame           Hex/Fire       29%        N/A       2%          3
d - Sticky Flame          Conj/Fire      29%        2d5       9%          4
e - Fireball              Conj/Fire      14%        3d8       24%         5
f - Apportation           Tloc           58%        N/A       1%          1
g - Corpse Rot            Necr/Air       N/A        N/A       1%          2
h - Ignite Poison         Fire/Tmut/Pois 29%        N/A       2%          3
Your spell library was empty.

Dungeon Overview and Level Annotations

Branches:
Dungeon (5/15)
 Temple: D:4-7

Altars:

Annotations:
D:4 3 runed translucent doors, Strat's ghost, amateur PaBr


Innate Abilities, Weirdness & Mutations

You are immune to sickness and miasma.
You are immune to poison.
Your flesh is very heat resistant. (rF++)
You are vulnerable to cold. (rC-)
You float through the air rather than walking.
You learn spells naturally, not from books.
Your magical power is your life essence.
You have superior vitality. (+4 HP)
You have a pair of small horns on your head.
You are somewhat resistant to further mutation.


Message History

Unknown command.
Casting: Foxfire (safe; 1% risk of failure)
Press: ? - help, Q - select action, (/) - cycle Dir - look around, f - activate You conjure some foxfire!
The foxfire hits the yak but does no damage. x2
Unknown command.
Casting: Foxfire (safe; 1% risk of failure)
Confirm with . or Enter, or press ? or * to list all spells.
Aiming: Sticky Flame (dangerous; 9% risk of failure)
Press: ? - help, Shift-Dir - straight line, f - yak
Aim: a yak (ally target, 100% to hit)
The sticky flame hits the yak but does no damage.
The yak is covered in liquid flames!
The yak burns!
The foxfire hits the yak.
The yak is lightly wounded.
The foxfire hits the yak but does no damage.
The yak is lightly wounded.
The yak gores you!
* * * LOW HITPOINT WARNING * * *
The yak burns!
The yak burns!
The yak burns!
The yak burns!
The yak burns!
The yak stops burning.
As you open the door, it creaks loudly! The yak gores you but does no damage.
Your magical contamination has completely faded away.
There is an open door here.
Okay, then.
Okay, then.
There is a stone staircase leading up here.
Things that are here:
a +0 dagger; a scroll of noise The yak gores you.
* * * LOW HITPOINT WARNING * * *
You fly upwards.
Level annotation: 3 runed translucent doors, Strat's ghost, amateur PaBr
There is a stone staircase leading down here.
Unknown command.
The yak gores you!
You die...

# #.# ##.##....#.#.... ## #.##
#.......#.##### .########..#
####...##.....# .......###.#
#.#....###.. ######.# #)#
#>####....#< .....#.# #.#
#.###..#.... .#...#.###.###
###.........##
#$#$.#.......#######...:##.###.##
...).#.####.....@Y.....###.# #..#
#.#..#.# #...#.####..## #.# ##.#
Z#...#.######...###..## #.# #.#
5w...#........#...#.## #.# #..
######.######.###.#.# #.# ##.
....)..# #.# #...# ##.# ##
######## #.# ###.#####..# ### #
#.# #........## #.. #### #.#
#.#####..### #..


You could see a yak.

Vanquished Creatures
  Sigmund (D:2)
  Duvessa (D:4)
  An orc warrior (D:4)
  A bullfrog (D:4)
  A scorpion (D:4)
  Dowan (D:4)
  A water moccasin skeleton (D:4)
  A howler monkey (D:4)
  A bullfrog zombie (D:4)
  Jessica (D:3)
  A bullfrog skeleton (D:4)
  An orc wizard (D:4)
  A howler monkey skeleton (D:4)
  2 gnolls (D:3)
  5 adders
  A shadow imp (D:4)
  An adder zombie (D:3)
  2 worms
  4 dart slugs
  7 orcs
  7 ball pythons
  5 bats
  5 endoplasms
  A giant cockroach (D:2)
  8 goblins
  7 hobgoblins
  4 jackals (D:3)
  4 kobolds
  3 quokkas (D:4)
  4 frilled lizards
  2 rats
85 creatures vanquished.

Vanquished Creatures (others)
  333 foxfires
333 creatures vanquished.

Grand Total: 418 creatures vanquished

Notes
Turn   | Place    | Note
-------+----------+-------------------------------------------
     0 | D:1      | robertstho the Djinni Fire Elementalist began the quest for
                  | the Orb.
     0 | D:1      | Reached XP level 1. HP: 15/15 MP: 0/0
   494 | D:1      | Reached XP level 2. HP: 16/21 MP: 0/0
   852 | D:1      | Reached XP level 3. HP: 22/26 MP: 0/0
   852 | D:1      | Learned a level 1 spell: Apportation
   987 | D:1      | Reached skill level 3 in Spellcasting
  1547 | D:2      | Noticed Sigmund
  1558 | D:2      | Killed Sigmund
  1559 | D:2      | Reached skill level 1 in Fighting
  1559 | D:2      | Reached skill level 4 in Spellcasting
  1559 | D:2      | Reached XP level 4. HP: 12/32 MP: 0/0
  1559 | D:2      | Reached XP level 5. HP: 14/37 MP: 0/0
  1559 | D:2      | Learned a level 2 spell: Corpse Rot
  1559 | D:2      | Reached XP level 6. HP: 16/42 MP: 0/0
  2609 | D:3      | Noticed Jessica
  2612 | D:3      | Killed Jessica
  3830 | D:4      | Gained mutation: You are somewhat resistant to further
                  | mutation. [potion of mutation]
  3830 | D:4      | Gained mutation: You have a pair of small horns on your
                  | head. [potion of mutation]
  3843 | D:4      | Reached skill level 5 in Spellcasting
  3843 | D:4      | Reached XP level 7. HP: 18/49 MP: 0/0
  3843 | D:4      | Learned a level 3 spell: Ignite Poison
  4216 | D:4      | Noticed Duvessa
  4227 | D:4      | Noticed Dowan
  4622 | D:4      | Noticed Strat's ghost (amateur PaBr)
  4632 | D:4      | Found a runed translucent gate.
  4632 | D:4      | Found a runed translucent gate.
  4632 | D:4      | Found a runed translucent gate.
  5181 | D:4      | Reached skill level 1 in Long Blades
  5181 | D:4      | Reached XP level 8. HP: 4/56 MP: 0/0
  5574 | D:4      | Killed Duvessa
  5575 | D:4      | Reached skill level 6 in Spellcasting
  5743 | D:4      | Killed Dowan
  5999 | D:5      | Entered Level 5 of the Dungeon
  6077 | D:5      | Noticed a yak
  6100 | D:5      | Noticed a yak
  6101 | D:5      | Noticed a yak
  6132 | D:4      | Slain by a yak

Illustrated notes

Levels and vault maps discovered:
D:1:      tarquinn_simple_flora_water_f, layout_loops_ring, minmay_pentomino_o4
D:2:      layout_basic, minmay_quadrilaterals, uniq_sigmund
D:3:      minmay_inner_zag, layout_loops_ring, bh_walls_and_bars, uniq_jessica
D:4:      minmay_clustersquares, layout_rooms, gammafunk_ghost_split,
          minmay_misc_feat_x, minmay_small_thing, uniq_duvessa
D:5:      layout_loops_corners, vehumet_statue, fedhas_altar_3,
          mainiacjoe_overflow_paths, abandoned_shop

Skill      XL: |  1  2  3  4  5  6  7  8 |
---------------+-------------------------+-----
Spellcasting   | 4 5 6 |  6.2
Fighting       | 1 2 3 |  3.1
Stealth        | 2 |  2.5
Long Blades    | 1 |  1.3
Dodging        | 3 |  3.0

Action                   |  1- 3 |  4- 6 |  7- 9 || total
-------------------------+-------+-------+-------++-------
Melee: Long sword        |       |     1 |    18 ||    19
       Headbutt          |       |       |     2 ||     2
 Cast: Foxfire           |    59 |    90 |    76 ||   225
       Sticky Flame      |       |     4 |    14 ||    18
       Conjure Flame     |       |       |     2 ||     2
  Use: Potion            |       |     4 |     2 ||     6
       Scroll            |       |       |     6 ||     6
Armor: Robe              |     3 |     2 |     4 ||     9
Dodge: Dodged            |     5 |    17 |    41 ||    63
       Rpst.: Long sword |       |     3 |    11 ||    14
